TOP OF THE 1ST |
Detroit Tigers batting - Pitching for Milwaukee Brewers : LHP Atlee Hammaker
|
Pitching: LHP Atlee Hammaker
|
|
Batting: SHB Lee Mazzilli
|
0-0: Fly out, F8 (Flyball, 8RD, EV 91.3 MPH)
|
Batting: RHB Jose Hidalgo
|
0-0: Ball 1-0: Ball 2-0: DOUBLE (Groundball, 5L, EV 106.3 MPH)
|
Batting: SHB Tony Phillips
|
0-0: Ball 1-0: Swinging Strike 1-1: Called Strike 1-2: Foul Ball, location: 2F 1-2: Foul Ball, location: 2F 1-2: Fly out, F4 (Popup, 3S, EV 75.0 MPH)
|
Batting: LHB Greg Brock
|
0-0: Ball 1-0: Swinging Strike 1-1: Foul Ball, location: 2F 1-2: Strikes out swinging
|
Top of the 1st over - 0 runs, 1 hit, 0 errors, 1 left on base; Detroit 0 - Milwaukee 0 |
BOTTOM OF THE 1ST |
Milwaukee Brewers batting - Pitching for Detroit Tigers : RHP Matt Wiseman
|
Pitching: RHP Matt Wiseman
|
|
Batting: RHB Steve Sax
|
0-0: SINGLE (Groundball, 4MD, EV 105.6 MPH)
|
Batting: LHB Von Hayes
|
0-0: Foul Ball, location: 2F 0-1: Ball 1-1: SINGLE (Flyball, 8LS, EV 86.9 MPH) Steve Sax to second Runner from 2nd tries for 3rd, SAFE, throw by CF made to third
|
Batting: RHB Eric Davis
|
0-0: Called Strike 0-1: Ball 1-1: Ball 2-1: SINGLE (Line Drive, 8RS, EV 105.6 MPH) Steve Sax scores Von Hayes to second
|
Batting: SHB Eddie Murray
|
0-0: Ball 1-0: Fly out, F6 (Flyball, 56D, EV 91.9 MPH)
|
Batting: RHB Mike Schmidt
|
0-0: Ball Von Hayes steals 3rd base Eric Davis to second 1-0: Called Strike 1-1: Foul Ball, location: 2F 1-2: 3-RUN HOME RUN (Flyball, 78XD, EV 96.9 MPH), Distance : 449 ft
|
Batting: RHB Thurman Munson
|
0-0: Swinging Strike 0-1: Ground out 5-3 (Groundball, 5, EV 82.5 MPH)
|
Batting: LHB Al Oliver
|
0-0: Swinging Strike 0-1: Foul Ball, location: 2F 0-2: Ball 1-2: Ball 2-2: Ground out U3 (Groundball, 34, EV 77.5 MPH)
|
Bottom of the 1st over - 4 runs, 4 hits, 0 errors, 0 left on base; Detroit 0 - Milwaukee 4 |
TOP OF THE 2ND |
Detroit Tigers batting - Pitching for Milwaukee Brewers : LHP Atlee Hammaker
|
Batting: RHB Dave Kingman
|
0-0: Foul Ball, location: 2F 0-1: Ground out U3 (Groundball, 3, EV 101.3 MPH)
|
Batting: RHB Keith Moreland
|
0-0: Ball 1-0: Ball 2-0: Called Strike 2-1: Swinging Strike 2-2: Strikes out swinging
|
Batting: RHB Rusty Tillman
|
0-0: Ball 1-0: SOLO HOME RUN (Flyball, 78XD, EV 103.1 MPH), Distance : 409 ft
|
Batting: RHB Mike Sproles
|
0-0: Ball 1-0: Fly out, F4 (Line Drive, 4, EV 72.5 MPH)
|
Top of the 2nd over - 1 run, 1 hit, 0 errors, 0 left on base; Detroit 1 - Milwaukee 4 |
BOTTOM OF THE 2ND |
Milwaukee Brewers batting - Pitching for Detroit Tigers : RHP Matt Wiseman
|
Batting: RHB Ken Landreaux
|
0-0: Fly out, F8 (Line Drive, 8LD, EV 93.1 MPH)
|
Batting: SHB Alfredo Griffin
|
0-0: Foul Ball, location: 2F 0-1: Ball 1-1: Ball 2-1: Foul Ball, location: 2F 2-2: Strikes out swinging
|
Batting: RHB Steve Sax
|
0-0: Called Strike 0-1: Called Strike 0-2: Fly out, F9 (Flyball, 89S, EV 83.1 MPH)
|
Bottom of the 2nd over - 0 runs, 0 hits, 0 errors, 0 left on base; Detroit 1 - Milwaukee 4 |
TOP OF THE 3RD |
Detroit Tigers batting - Pitching for Milwaukee Brewers : LHP Atlee Hammaker
|
Batting: LHB Larry Harlow
|
0-0: Called Strike 0-1: Ball 1-1: Ball 2-1: Ground out U3 (Groundball, 3L, EV 103.1 MPH)
|
Batting: SHB Lee Mazzilli
|
0-0: Ball 1-0: Ball 2-0: Ball 3-0: Called Strike 3-1: Called Strike 3-2: Base on Balls
|
Batting: RHB Jose Hidalgo
|
0-0: Reached on error, E3 (Groundball, 34, EV 100.0 MPH) Lee Mazzilli to second
|
Batting: SHB Tony Phillips
|
0-0: Ball 1-0: Foul Ball, location: 2F 1-1: Foul Ball, location: 2F 1-2: Foul Ball, location: 2F 1-2: Ball 2-2: Foul Ball, location: 2F 2-2: Foul Ball, location: 2F 2-2: Ball 3-2: Fielders Choice at 2nd, 3-6 (Groundball, 3, EV 78.1 MPH) Lee Mazzilli to third
|
Batting: LHB Greg Brock
|
0-0: Ball 1-0: Ball 2-0: Called Strike 2-1: Fly out, F9 (Line Drive, 9D, EV 99.4 MPH)
|
Top of the 3rd over - 0 runs, 0 hits, 1 error, 2 left on base; Detroit 1 - Milwaukee 4 |
BOTTOM OF THE 3RD |
Milwaukee Brewers batting - Pitching for Detroit Tigers : RHP Matt Wiseman
|
Batting: LHB Von Hayes
|
0-0: DOUBLE (Groundball, 3L, EV 94.4 MPH)
|
Batting: RHB Eric Davis
|
0-0: Foul Ball, location: 2F 0-1: Ball 1-1: Ball 2-1: Ball 3-1: Foul Ball, location: 2F 3-2: Ground out 5-3 (Groundball, 56, EV 103.1 MPH)
|
Batting: SHB Eddie Murray
|
0-0: Ball 1-0: Ball 2-0: SINGLE (Groundball, 23, EV 70.6 MPH) (infield hit) Von Hayes to third
|
Batting: RHB Mike Schmidt
|
0-0: Fly out, F7 (Flyball, 78XD, EV 88.8 MPH) Runner from 3rd tags up, SCORES, no throw by LF
|
Batting: RHB Thurman Munson
|
0-0: Ball 1-0: Foul Ball, location: 2F 1-1: Swinging Strike 1-2: Fielders Choice at 2nd, 6-4 (Groundball, 6, EV 80.6 MPH)
|
Bottom of the 3rd over - 1 run, 2 hits, 0 errors, 1 left on base; Detroit 1 - Milwaukee 5 |
TOP OF THE 4TH |
Detroit Tigers batting - Pitching for Milwaukee Brewers : LHP Atlee Hammaker
|
Batting: RHB Dave Kingman
|
0-0: Ground out U3 (Groundball, 13, EV 79.4 MPH)
|
Batting: RHB Keith Moreland
|
0-0: Called Strike 0-1: Ball 1-1: Fly out, F6 (Line Drive, 6, EV 68.8 MPH)
|
Batting: RHB Rusty Tillman
|
0-0: Ball 1-0: Foul Ball, location: 2F 1-1: Ball 2-1: Fly out, F8 (Line Drive, 8LD, EV 89.4 MPH)
|
Top of the 4th over - 0 runs, 0 hits, 0 errors, 0 left on base; Detroit 1 - Milwaukee 5 |
BOTTOM OF THE 4TH |
Milwaukee Brewers batting - Pitching for Detroit Tigers : RHP Matt Wiseman
|
Batting: LHB Al Oliver
|
0-0: Ground out U3 (Groundball, 34, EV 103.1 MPH)
|
Batting: RHB Ken Landreaux
|
0-0: SINGLE (Groundball, 6MD, EV 96.3 MPH)
|
Batting: SHB Alfredo Griffin
|
0-0: Called Strike 0-1: Ball 1-1: Fielders Choice at 2nd, 4-6 (Groundball, 34D, EV 105.6 MPH)
|
Batting: RHB Steve Sax
|
0-0: Called Strike 0-1: Ball 1-1: Foul Ball, location: 2F 1-2: Foul Ball, location: 2F 1-2: Fly out, F8 (Line Drive, 8RD, EV 86.3 MPH)
|
Bottom of the 4th over - 0 runs, 1 hit, 0 errors, 1 left on base; Detroit 1 - Milwaukee 5 |
TOP OF THE 5TH |
Detroit Tigers batting - Pitching for Milwaukee Brewers : LHP Atlee Hammaker
|
Batting: RHB Mike Sproles
|
0-0: Called Strike 0-1: Ball 1-1: Ground out 5-3 (Groundball, 56S, EV 90.0 MPH)
|
Batting: LHB Larry Harlow
|
0-0: Swinging Strike 0-1: SINGLE (Flyball, 5D, EV 88.8 MPH)
|
Batting: SHB Lee Mazzilli
|
0-0: Called Strike 0-1: Ball 1-1: Ball 2-1: Called Strike 2-2: Fly out, F7 (Flyball, 78S, EV 90.6 MPH)
|
Batting: RHB Jose Hidalgo
|
0-0: Called Strike 0-1: Foul Ball, location: 2F 0-2: Ball 1-2: Ball 2-2: Ball Larry Harlow steals 2nd base 3-2: Ground out 6-3 (Groundball, 6, EV 86.3 MPH)
|
Top of the 5th over - 0 runs, 1 hit, 0 errors, 1 left on base; Detroit 1 - Milwaukee 5 |
BOTTOM OF THE 5TH |
Milwaukee Brewers batting - Pitching for Detroit Tigers : RHP Matt Wiseman
|
Batting: LHB Von Hayes
|
0-0: Ball 1-0: Called Strike 1-1: Ground out 5-3 (Groundball, 5S, EV 66.9 MPH)
|
Batting: RHB Eric Davis
|
0-0: SINGLE (Groundball, 4MD, EV 95.0 MPH)
|
Batting: SHB Eddie Murray
|
0-0: Called Strike 0-1: Foul Ball, location: 2F 0-2: Ball 1-2: Foul Ball, location: 2F 1-2: Ball 2-2: Fly out, F9 (Flyball, 89D, EV 96.9 MPH) Runner from 1st tags up, SAFE at 2nd
|
Batting: RHB Mike Schmidt
|
0-0: Called Strike 0-1: Ball 1-1: Foul Ball, location: 2F 1-2: Foul Ball, location: 2F 1-2: Foul Ball, location: 2F 1-2: Ball 2-2: Ball 3-2: Reached on error, E6 (Groundball, 4M, EV 87.5 MPH) Eric Davis to third
|
Batting: RHB Thurman Munson
|
0-0: Reached on error, E5 (Groundball, 5, EV 86.9 MPH) Eric Davis scores Mike Schmidt to second
|
Batting: LHB Al Oliver
|
0-0: Ball 1-0: Foul Ball, location: 2F 1-1: Foul Ball, location: 2F 1-2: Foul Ball, location: 2F 1-2: Fielders Choice at 2nd, 6-4 (Groundball, 56D, EV 106.3 MPH)
|
Bottom of the 5th over - 1 run, 1 hit, 2 errors, 2 left on base; Detroit 1 - Milwaukee 6 |
TOP OF THE 6TH |
Detroit Tigers batting - Pitching for Milwaukee Brewers : LHP Atlee Hammaker
|
Batting: SHB Tony Phillips
|
0-0: Ball 1-0: Swinging Strike 1-1: Ball 2-1: Foul Ball, location: 2F 2-2: Ball 3-2: Foul Ball, location: 2F 3-2: Ground out 5-3 (Groundball, 56, EV 88.8 MPH)
|
Batting: LHB Greg Brock
|
0-0: Ball 1-0: Ball 2-0: Ball 3-0: Base on Balls
|
Batting: RHB Dave Kingman
|
0-0: Called Strike 0-1: Ball 1-1: Ball 2-1: Ball 3-1: SINGLE (Groundball, 34D, EV 108.8 MPH) Greg Brock to second Runner from 2nd tries for 3rd, SAFE, no throw by RF
|
Batting: RHB Keith Moreland
|
0-0: Ball 1-0: Ball 2-0: DOUBLE (Line Drive, 7LM, EV 113.1 MPH) Greg Brock scores Dave Kingman to third Runner from 3rd tries for Home, SAFE, throw by LF to trailing runner, SAFE at third!
|
Batting: RHB Rusty Tillman
|
0-0: Called Strike 0-1: Reached on error, E5 (Groundball, 56S, EV 83.8 MPH) Keith Moreland scores
|
Batting: RHB Mike Sproles
|
0-0: Ball 1-0: Ball 2-0: Called Strike 2-1: Foul Ball, location: 2F 2-2: Ground out 6-3 (Groundball, 6, EV 89.4 MPH) Rusty Tillman to third
|
Batting: LHB Larry Harlow
|
0-0: Ball 1-0: Called Strike Steal of home, Rusty Tillman is out
|
Top of the 6th over - 3 runs, 2 hits, 1 error, 0 left on base; Detroit 4 - Milwaukee 6 |
BOTTOM OF THE 6TH |
Milwaukee Brewers batting - Pitching for Detroit Tigers : RHP Matt Wiseman
|
Batting: RHB Ken Landreaux
|
0-0: Ground out 4-3 (Groundball, 34, EV 98.8 MPH)
|
Batting: SHB Alfredo Griffin
|
0-0: Called Strike 0-1: Fly out, F7 (Line Drive, 7, EV 99.4 MPH)
|
Batting: RHB Steve Sax
|
0-0: Ball 1-0: Ball 2-0: Called Strike 2-1: Foul Ball, location: 2F 2-2: Ball 3-2: Fly out, F4 (Flyball, 34D, EV 83.1 MPH)
|
Bottom of the 6th over - 0 runs, 0 hits, 0 errors, 0 left on base; Detroit 4 - Milwaukee 6 |
TOP OF THE 7TH |
Detroit Tigers batting - Pitching for Milwaukee Brewers : LHP Atlee Hammaker
|
Batting: LHB Larry Harlow
|
0-0: Called Strike 0-1: Ball 1-1: Foul Ball, location: 2F 1-2: Ball 2-2: Ball 3-2: Fly out, F8 (Line Drive, 8LM, EV 101.3 MPH)
|
Batting: SHB Lee Mazzilli
|
0-0: Ball 1-0: Ground out 6-3 (Groundball, 56, EV 90.0 MPH)
|
Batting: RHB Jose Hidalgo
|
0-0: Ball 1-0: Foul Ball, location: 2F 1-1: Called Strike 1-2: Ball 2-2: SOLO HOME RUN (Line Drive, 78XD, EV 98.8 MPH), Distance : 426 ft
|
Pitching: LHP Jordan Ortiz
|
|
Batting: SHB Tony Phillips
|
0-0: Ball 1-0: Ball 2-0: Foul Ball, location: 2F 2-1: Ball 3-1: Base on Balls
|
Batting: LHB Greg Brock
|
0-0: Ball 1-0: Foul Ball, location: 2F 1-1: Ball 2-1: Ball 3-1: Swinging Strike 3-2: Fly out, F9 (Flyball, 9, EV 83.1 MPH)
|
Top of the 7th over - 1 run, 1 hit, 0 errors, 1 left on base; Detroit 5 - Milwaukee 6 |
BOTTOM OF THE 7TH |
Milwaukee Brewers batting - Pitching for Detroit Tigers : RHP Matt Wiseman
|
Pitching: RHP Santo Alcala
|
|
Batting: LHB Von Hayes
|
0-0: Ball 1-0: Foul Ball, location: 2F 1-1: Fly out, F9 (Line Drive, 9, EV 87.5 MPH)
|
Batting: RHB Eric Davis
|
0-0: Ball 1-0: Called Strike 1-1: Called Strike 1-2: Foul Ball, location: 2F 1-2: Strikes out swinging
|
Batting: SHB Eddie Murray
|
0-0: Ground out 4-3 (Groundball, 4, EV 104.4 MPH)
|
Bottom of the 7th over - 0 runs, 0 hits, 0 errors, 0 left on base; Detroit 5 - Milwaukee 6 |
TOP OF THE 8TH |
Detroit Tigers batting - Pitching for Milwaukee Brewers : LHP Jordan Ortiz
|
Batting: RHB Dave Kingman
|
0-0: Swinging Strike 0-1: SOLO HOME RUN (Line Drive, 9LD, EV 103.1 MPH), Distance : 368 ft
|
Batting: RHB Keith Moreland
|
0-0: Ball 1-0: Ball 2-0: Ground out 6-3 (Groundball, 6MD, EV 100.0 MPH)
|
Batting: RHB Rusty Tillman
|
0-0: Foul Ball, location: 2F 0-1: Fly out, F8 (Flyball, 89D, EV 98.1 MPH)
|
Batting: RHB Mike Sproles
|
0-0: Ball 1-0: Ground out 4-3 (Groundball, 4, EV 103.8 MPH)
|
Top of the 8th over - 1 run, 1 hit, 0 errors, 0 left on base; Detroit 6 - Milwaukee 6 |
BOTTOM OF THE 8TH |
Milwaukee Brewers batting - Pitching for Detroit Tigers : RHP Santo Alcala
|
Batting: RHB Mike Schmidt
|
0-0: Ball 1-0: Called Strike 1-1: Swinging Strike 1-2: Foul Ball, location: 2F 1-2: Ball 2-2: Strikes out swinging
|
Batting: RHB Thurman Munson
|
0-0: Called Strike 0-1: Ball 1-1: Ball 2-1: SINGLE (Flyball, 34D, EV 84.4 MPH)
|
Batting: LHB Al Oliver
|
0-0: Called Strike 0-1: Foul Ball, location: 2F 0-2: DOUBLE (Flyball, 8LXD, EV 108.8 MPH) Thurman Munson to third Runner from 3rd tries for Home, SAFE, throw by CF to trailing runner, SAFE at third!
|
Batting: RHB Ken Landreaux
|
0-0: Intentional Walk
|
Batting: SHB Alfredo Griffin
|
0-0: Called Strike 0-1: Ball 1-1: Ball 2-1: Called Strike 2-2: Fly out, F4 (Popup, 4MD, EV 74.4 MPH)
|
Batting: RHB Steve Sax
|
0-0: Ball 1-0: Foul Ball, location: 2F 1-1: Fly out, F7 (Line Drive, 7, EV 104.4 MPH)
|
Bottom of the 8th over - 1 run, 2 hits, 0 errors, 2 left on base; Detroit 6 - Milwaukee 7 |
TOP OF THE 9TH |
Detroit Tigers batting - Pitching for Milwaukee Brewers : LHP Jordan Ortiz
|
Now in LF: Ricky Jacquez
|
|
Pinch Hitting: RHB Tack Wilson
|
0-0: Ball 1-0: Called Strike 1-1: Ground out 6-3 (Groundball, 6MD, EV 80.6 MPH)
|
Batting: SHB Lee Mazzilli
|
0-0: Ball 1-0: Fly out, F2 (Popup, 2R, EV 96.9 MPH)
|
Batting: RHB Jose Hidalgo
|
0-0: SINGLE (Groundball, 6MD, EV 96.9 MPH)
|
Batting: SHB Tony Phillips
|
0-0: Called Strike 0-1: Ball 1-1: Ball 2-1: Fielders Choice at 2nd, 6-4 (Groundball, 56, EV 101.9 MPH)
|
Top of the 9th over - 0 runs, 1 hit, 0 errors, 1 left on base; Detroit 6 - Milwaukee 7 |
|